 Dungeon Crawl Stone Soup version 0.30-a0-881-g1ff12e1e11 (webtiles) character file.

Game seed: 16842804907862853024

23 FexLirch the Slasher (level 3, 32/32 HPs)
             Began as a Naga Gladiator on Mar 14, 2023.
             Got out of the dungeon alive.
             The game lasted 00:01:02 (791 turns).

FexLirch the Slasher (Naga Gladiator)                Turns: 791, Time: 00:01:02

Health: 32/32      AC:  3    Str: 18    XL:     3   Next: 0%
Magic:  3/3        EV: 10    Int:  8    God:
Gold:   33         SH:  0    Dex: 12    Spells: 2/2 levels left

rFire   . . .      SeeInvis +    a - +0 long sword
rCold   . . .      Faith    .    (no shield)
rNeg    . . .      Spirit   .    b - +0 leather armour
rPois   +          Reflect  .    c - +0 helmet
rElec   .          Rampage  .    (no cloak)
rCorr   .                        (no gloves)
Will    .....                    (no barding)
Stlth   +                        (no amulet)
HPRegen 0.25/turn                (no ring)
MPRegen 0.08/turn                (no ring)

@: very slow
A: AC +1, large, see invisible, deformed body, poison resistance, slowness 2,
spit poison 1, naga tail 1
a: Spit Poison


You escaped.
You visited 1 branch of the dungeon, and saw 1 of its levels.

You collected 33 gold pieces.

Inventory:

Hand Weapons
 a - a +0 long sword (weapon)
Missiles
 d - 3 throwing nets
 e - a javelin
 f - 2 stones
Armour
 b - a +0 leather armour (worn)
 c - a +0 helmet (worn)
Jewellery
 k - a ring of magical power
Scrolls
 h - a scroll of brand weapon {unknown}
 i - a scroll of noise {unknown}
 j - a scroll of immolation {unknown}
Potions
 g - 2 potions of heal wounds {unknown}


   Skills:
 - Level 2.0 Fighting
 + Level 4.1 Long Blades
 - Level 1.7 Throwing
 - Level 2.4 Dodging


You had 2 spell levels left.
You didn't know any spells.
Your spell library was empty.

Dungeon Overview and Level Annotations

Branches:
Dungeon (1/15)

Altars:

Shops:
D:1 [


Innate Abilities, Weirdness & Mutations

Your serpentine skin is tough. (AC +1)
You have supernaturally acute eyesight. (SInv)
Armour fits poorly on your strangely shaped body.
Your system is resistant to poisons. (rPois)
You cover ground very slowly.
You can spit poison.
You have a snake-like lower body.


Message History

You hit the endoplasm but do no damage.
The endoplasm is heavily wounded.
The endoplasm barely misses you.
An endoplasm is nearby!
You hit the endoplasm.
You kill the endoplasm!
Key pressed, stopping explore.
No target in view!
Key pressed, stopping explore.
No target in view!
Key pressed, stopping explore.
No target in view!
No target in view!
You see here a quokka corpse.
A bat comes into view.
The bat hits you.
A bat is nearby!
A bat is nearby!
The bat hits you but does no damage.
A bat is nearby!
A bat is nearby!
The bat closely misses you. The bat hits you but does no damage. x2
You miss the bat. Your punch misses the bat. The bat barely misses you.
The bat hits you.
You miss the bat. The bat closely misses you.
A bat is nearby!
The bat hits you. The bat hits you but does no damage. The bat hits you.
The bat closely misses you.
You slash the bat!
You kill the bat!
You have reached level 3!
Your experience leads to an increase in your attributes!
Increase (S)trength, (I)ntelligence, or (D)exterity?
You feel stronger. x2; Your skin feels tougher.
There is a stone staircase leading down here.
You see here a +0 dagger.
There is a staircase leading out of the dungeon here.
Are you sure you want to leave the Dungeon?
This will make you lose the game!
You have escaped!

......#.##....#........##.#
......#................##.#
......####.####.#......##.#
..##.## #......#......##.#
.....#
###########.#..#.#######
########
#########.##.#........
..##...#
#.......#.##.#.#######
####.#.#####.#####.#.##.#.#
.#...#...#.^.#..@#...##.#.#
.#.#####.#.#.#.###.####.#.#
...# #.....#...#...#....#.#
######.#########.###.##.#.#
...#.....#.# #.....##.#.#
##.#.###.#.# ###.####.#.#
.#...# #...# #...##)#.#
.###.###.#.### ###.##.#.#
#.....#...# ###...##.#.#


There were no monsters in sight!

Vanquished Creatures
  3 ball pythons (D:1)
  A bat (D:1)
  4 endoplasms (D:1)
  3 goblins (D:1)
  A hobgoblin (D:1)
  2 jackals (D:1)
  A quokka (D:1)
  3 frilled lizards (D:1)
  2 rats (D:1)
20 creatures vanquished.

Notes
Turn   | Place    | Note
-------+----------+-------------------------------------------
     0 | D:1      | FexLirch the Naga Gladiator began the quest for the Orb.
     0 | D:1      | Reached XP level 1. HP: 19/19 MP: 1/1
   348 | D:1      | Found Cysch's Armour Shoppe.
   353 | D:1      | Reached XP level 2. HP: 26/26 MP: 2/2
   617 | D:1      | Reached skill level 4 in Long Blades
   740 | D:1      | Reached XP level 3. HP: 30/32 MP: 3/3
   791 | D:$      | Got out of the dungeon alive.

Illustrated notes

Levels and vault maps discovered:
D:1:      elethiomel_arrival_maze, layout_basic, serial_shops,
          nicolae_shop_trees

Skill      XL: |  1  2 |
---------------+-------+-----
Long Blades    | 4 |  4.1
Fighting       | |  2.0
Throwing       | |  1.7
Dodging        | |  2.4

Action                     || total
---------------------------++-------
  Melee: Long sword        ||    46
         Punch             ||     2
  Throw: Throwing net      ||     1
Ability: Spit Poison       ||     2
 Armour: Leather armour    ||    14
  Dodge: Dodged            ||    30

Table legend: (Time is in decaauts)
 A = Elapsed time spent in this place.
 B = Non-inter-level travel time spent in this place.
 C = Inter-level travel time spent in this place.
 D = Time resting spent in this place.
 E = Time spent auto-exploring this place.
 F = Levels seen in this place.
 G = Mean time per level.
                   A        B        C        D        E       F      G
               +--------+--------+--------+--------+--------+-----+--------+
         Total |   1055 |    985 |     70 |      0 |    846 |   1 | 1055.0 |
       Dungeon |   1055 |    985 |     70 |      0 |    846 |   1 | 1055.0 |
               +--------+--------+--------+--------+--------+-----+--------+

Top non-repeatable levels by time:
     D:1: 1055 daAuts
